Construct Infanterie Kompanie
Construct Panzergrenadier Kompanie
Infanterie Officer Quarters
Panzergrenadier Officer Quarters
Nebelwerfer 42 Rocket Launcher Team
Selects Luftwaffe Battlegroup
Selects Stuka Strafing Run
Selects Fallschirmjäger Squad Paradrop
Nebelwerfer 42 Rocket Launcher Team
Selects Luftwaffe Pioneer Support
Selects Flak 38 Anti-Air Emplacement
Construct Panzer Kompanie
Selects Infantry Reserves